 Dungeon Crawl Stone Soup version 0.30.1-11-g7821555f0a (webtiles) character file.

Game seed: 14332781885593718062

4 WarpedRealm the Sneak (level 1, 0/14 HPs)
             Began as an Octopode Brigand on Oct 30, 2023.
             Slain by a kobold
             ... wielding a +0 whip
              (5 damage)
             ... on level 1 of the Dungeon.
             The game lasted 00:00:56 (63 turns).

WarpedRealm the Sneak (Octopode Brigand)              Turns: 63, Time: 00:00:57

Health: 0/14       AC:  1    Str: 10    XL:     1   Next: 70%
Magic:  1/1        EV: 12    Int: 13    God:
Gold:   17         SH:  0    Dex: 13    Spells: 0/0 levels left

rFire   . . .        a - +2 dagger
rCold   . . .        (no shield)
rNeg    . . .        (helmet restricted)
rPois   .            (no amulet)
rElec   .            (no ring)
rCorr   .            (no ring)
SInv    .            (no ring)
Will    .....        (no ring)
Stlth   ++++         (no ring)
HPRegen 0.22/turn    (no ring)
MPRegen 0.07/turn    (no ring)
                     (no ring)

%: no passive effects
@: no status effects
A: almost no armour, amphibious, 8 rings, camouflage 1, gelatinous body 1,
(nimble swimmer 1), tentacles
a: no special abilities


You were on level 1 of the Dungeon.
You visited 1 branch of the dungeon, and saw 1 of its levels.

You collected 17 gold pieces.

Inventory:

Hand Weapons
 a - a +2 dagger (weapon)
Missiles
 b - 9 poisoned darts (quivered)
 c - 3 curare-tipped darts


   Skills:
 + Level 2.0 Fighting
 + Level 2.0 Short Blades
 + Level 2.1 Throwing
 + Level 1.0 Dodging
 + Level 5.6 Stealth


You couldn't memorise any spells.
You didn't know any spells.
Your spell library was empty.

Dungeon Overview and Level Annotations

Branches:
Dungeon (1/15)

Altars:

Annotations:
D:1 1 exclusion


Innate Abilities, Weirdness & Mutations

You cannot wear most types of armour.
You are amphibious.
You can wear up to eight rings at the same time.
Your skin changes colour to match your surroundings (Stealth+).
Your rubbery body absorbs attacks. (AC +1, EV +1)
((You are camouflaged when in or above water. (Stealth+)))
You have tentacles for arms and can constrict up to eight enemies at once.


Message History

The floor.
Your target is gone.
Okay, then.
Unknown command.
The hobgoblin shouts!
The hobgoblin barely misses you.
You hit the hobgoblin. You grab the hobgoblin. You squeeze the hobgoblin.
You kill the hobgoblin!
You open the door.
A hobgoblin and a goblin come into view.
Found a stone staircase leading down.
There is an open door here.
The hobgoblin shouts!
You hit the goblin. You grab the goblin. Your squeeze misses the goblin.
The goblin is heavily wounded.
You constrict the goblin.
You kill the goblin!
You closely miss the hobgoblin. You grab the hobgoblin.
You constrict the hobgoblin. The hobgoblin closely misses you.
You hit the hobgoblin.
You kill the hobgoblin!
Things that are here:
a +0 club; a goblin corpse You open the door.
Found a hand axe.
There is an open door here.
You see here a +0 hand axe.
A kobold and a ball python come into view.
The helpless ball python fails to defend itself.
You impale the ball python!!
You kill the ball python!
An endoplasm comes into view.
The kobold hits you with a +0 whip.
You closely miss the kobold. You grab the kobold. You constrict the kobold.
The kobold hits you with a +0 whip.
You barely miss the kobold.
The kobold is moderately wounded.
You constrict the kobold, but do no damage.
The kobold hits you with a +0 whip.
You die...

.# # J# #.###..###
#.#...... #.#.#..#
#..K...# #..@...#
###.#### #..†..# #+##
##.##.#### ##...##
#........# ##.....#
#.###.##.###.......
#.##..)#.##....>...
............'........
###.#......##........


You could see an endoplasm (asleep) and a kobold.

Vanquished Creatures
  A goblin (D:1)
  2 hobgoblins (D:1)
  A ball python (D:1)
4 creatures vanquished.

Notes
Turn   | Place    | Note
-------+----------+-------------------------------------------
     0 | D:1      | WarpedRealm the Octopode Brigand began the quest for the
                  | Orb.
     0 | D:1      | Reached XP level 1. HP: 14/14 MP: 1/1
    63 | D:1      | Slain by a kobold

Illustrated notes

Levels and vault maps discovered:
D:1:      ebering_trefoil_3fold, layout_loops_corners

Action                     || total
---------------------------++-------
  Melee: Dagger            ||     7
         Constrict         ||     4
         Tentacles         ||     1
   Stab: Sleeping          ||     1
  Dodge: Dodged            ||     2
